 Dungeon Crawl Stone Soup version 0.30.1-11-g7821555f0a (webtiles) character file.

Game seed: 7996837278415476792

2018 Janerl the Cleaver (level 9, -4/78 HPs)
             Began as a Minotaur Fighter on Dec 9, 2023.
             Slain by a wraith (7 damage)
             ... on level 7 of the Dungeon.
             The game lasted 00:20:32 (5973 turns).

Janerl the Cleaver (Minotaur Fighter)               Turns: 5973, Time: 00:20:32

Health: -4/78      AC:  9    Str: 25    XL:     9   Next: 3%
Magic:  0/8        EV: 11    Int: 16    God:
Gold:   279        SH:  5    Dex: 12    Spells: 8/8 levels left

rFire   . . .        a - +0 war axe
rCold   . . .        c - +0 buckler
rNeg    . . .        t - +1 scale mail of Eraojeve {Str+4 Int+9}
rPois   .            (helmet restricted)
rElec   .            (no cloak)
rCorr   .            (no gloves)
SInv    +            (no boots)
Will    +....        R - amulet of guardian spirit Stlth
                     l - ring of see invisible
HPRegen 0.33/turn    r - ring of willpower
MPRegen 0.11/turn

%: guardian spirit
@: mighty
A: horns 2, retaliatory headbutt
a: no special abilities


You were on level 7 of the Dungeon.
You visited 1 branch of the dungeon, and saw 7 of its levels.

You collected 279 gold pieces.

Inventory:

Hand Weapons
 a - a +0 war axe (weapon)
 b - a +2 mace of protection
 n - a +3 falchion
 O - a +3 dagger
 P - a +2 flail
 Q - a +1 scimitar
Missiles
 q - 6 poisoned darts (quivered)
 U - 2 atropa-tipped darts
Armour
 c - a +0 buckler (worn)
 t - the +1 scale mail of Eraojeve (worn) {Str+4 Int+9}
   (You found it on level 3 of the Dungeon)

   Str:       It affects your strength (+4).
   Int:       It affects your intelligence (+9).
Jewellery
 l - a ring of see invisible (left hand)
 r - a ring of willpower (right hand)
 s - an amulet of the acrobat
 x - a ring of protection from cold
 y - an amulet of faith
 A - a ring of ice
 F - a ring of ice
 M - an amulet of faith
 R - an amulet of guardian spirit (around neck)
 S - an amulet of magic regeneration
Wands
 D - a wand of digging (9)
 I - a wand of flame (22)
 L - a wand of light (6)
Scrolls
 e - a scroll of fog
 h - a scroll of teleportation
 i - 6 scrolls of identify
 k - 2 scrolls of poison {unknown}
 o - a scroll of torment {unknown}
 p - 3 scrolls of blinking {unknown}
 w - 3 scrolls of acquirement {unknown}
 z - 2 scrolls of magic mapping {unknown}
 B - 6 scrolls of immolation {unknown}
 C - 4 scrolls of amnesia {unknown}
 E - 2 scrolls of enchant armour {unknown}
 N - a scroll of fear {unknown}
Potions
 g - a potion of degeneration {unknown}
 j - 3 potions of attraction {unknown}
 m - a potion of berserk rage {unknown}
 u - a potion of lignification {unknown}
 v - 2 potions of brilliance {unknown}
 G - a potion of ambrosia {unknown}
 H - 3 potions of haste {unknown}
 J - a potion of flight {unknown}
 K - 2 potions of magic {unknown}
 T - a potion of cancellation {unknown}


   Skills:
 + Level 6.7 Fighting
 + Level 8.9 Axes
 + Level 1.5 Throwing
 + Level 8.3 Armour
 + Level 3.0 Dodging
 + Level 1.2 Stealth
 + Level 5.1 Shields
 + Level 0.4 Evocations


You had 8 spell levels left.
You didn't know any spells.
Your spell library contained the following spells:

 Spells                   Type           Power      Damage    Failure   Level
 Apportation              Tloc           0%         N/A       54%         1
 Necrotise                Necr           0%         1d4       54%         1
 Summon Small Mammal      Summ           0%         N/A       54%         1
 Dazzling Flash           Conj/Hex       0%         N/A       88%         3
 Volatile Blastmotes      Fire/Tloc      0%         2d10      88%         3
 Iskenderun's Mystic Bla  Conj/Tloc      0%         2d3       99%         4
 Starburst                Conj/Fire      0%         6d3       100%        6


Dungeon Overview and Level Annotations

Branches:
Dungeon (7/15)             Temple (0/1) D:4

Altars:
Fedhas
Hepliaklqana

Shops:
D:1 :

Annotations:
D:7 Pikel


Innate Abilities, Weirdness & Mutations

You have a pair of horns on your head.
You reflexively headbutt those who attack you in melee.


Message History

You feel yourself slow down.
You barely miss the wraith. You headbutt the wraith.
You destroy the wraith!
You block the skeletal warrior's attack.
You have reached level 9!
Your experience leads to an increase in your attributes!
Your base attributes are Str 21, Int 7, Dex 10.
Increase (S)trength, (I)ntelligence, or (D)exterity?
You feel agile. x2
You hit the skeletal warrior but do no damage.
The skeletal warrior hits you with a +0 battleaxe!
The skeletal warrior barely misses you.
You barely miss the skeletal warrior. The skeletal warrior barely misses you.
You hit the skeletal warrior.
The skeletal warrior is lightly damaged.
The skeletal warrior hits you with a +0 battleaxe.
The skeletal warrior closely misses you.
You furiously retaliate!
You headbutt the skeletal warrior!
You hit the skeletal warrior but do no damage.
The skeletal warrior is lightly damaged.
You feel yourself speed up. The skeletal warrior barely misses you.
You furiously retaliate!
You headbutt the skeletal warrior!
You hit the skeletal warrior but do no damage.
The skeletal warrior is moderately damaged.
The skeletal warrior hits you with a +0 battleaxe!!
You hit the skeletal warrior but do no damage.
The skeletal warrior is moderately damaged.
You block the skeletal warrior's attack.
A wraith comes into view.
The skeletal warrior hits you with a +0 battleaxe!!
* * * LOW HITPOINT WARNING * * *
You feel very mighty all of a sudden.
The skeletal warrior hits you with a +0 battleaxe!!
* * * LOW HITPOINT WARNING * * *
You closely miss the skeletal warrior.
You headbutt the skeletal warrior, but do no damage.
The skeletal warrior is moderately damaged.
You barely miss the wraith. The wraith hits you!
You die...

### ### ##############.#
#.##### .#.............###
#...... .#.###########...#
#######.###..
.#.###########)#.####....##.#
#..
.#.#....................(##.#
#..
.#.#.######.#######.###..##.#
#.. .#.#.#
###.#./#...#..#..##)###..
##.#.# #...#
#W@#..#.#.......... .#.#.#
##...##.##z##.##.###.###..
.#.#.###..#.##
#.#.#.##.###'###..
.#.#.#...##.# ##
###.#.##..).#..
.#.#.#)####.## #..#.##....#..
.#)#[..#
#.##.#####.##.##....#..
.#..).## #.#
#..#..#.#.##.'###.. .....##
#.# #..#..#.#...# #.. #..#.#
#.#####.#####...#.# #.#


You could see a skeletal warrior and a wraith.

Vanquished Creatures
  2 wraiths (D:7)
  An ice beast (D:7)
  An orc warrior (D:7)
  A sky beast (D:7)
  A black bear (D:7)
  A centaur (D:7)
  4 lemures (D:7)
  A phantom (D:6)
  3 bullfrogs (D:7)
  A scorpion (D:5)
  5 wights (D:7)
  6 orc priests
  3 hounds
  2 jellies (D:5)
  Terence (D:3)
  2 sleepcaps
  2 iguanas
  2 orc wizards
  3 gnolls (D:2)
  7 adders
  A shadow imp (D:7)
  2 white imps (D:6)
  An ufetubus (D:7)
  A worm (D:4)
  A dart slug (D:1)
  18 orcs
  5 bats
  2 endoplasms
  3 giant cockroaches
  7 goblins
  10 hobgoblins
  3 jackals (D:2)
  7 kobolds
  2 quokkas
  4 ball pythons
  2 frilled lizards
  5 rats
123 creatures vanquished.

Notes
Turn   | Place    | Note
-------+----------+-------------------------------------------
     0 | D:1      | Janerl the Minotaur Fighter began the quest for the Orb.
     0 | D:1      | Reached XP level 1. HP: 19/19 MP: 0/0
    95 | D:1      | Found Dettahic's Vocational Training.
   107 | D:1      | Reached XP level 2. HP: 24/27 MP: 1/1
   492 | D:2      | Reached XP level 3. HP: 18/33 MP: 2/2
   684 | D:2      | Identified the +1 leather armour of Insurance {rPois Regen+
                  | rCorr Int+4}
   848 | D:2      | Reached skill level 1 in Dodging
  1103 | D:2      | Reached XP level 4. HP: 29/41 MP: 3/3
  1317 | D:2      | Found a faded altar of an unknown god.
  1418 | D:2      | Found a hazy altar of Hepliaklqana.
  1717 | D:3      | Noticed Terence
  1718 | D:3      | Identified the +1 scale mail of Eraojeve {Str+4 Int+9}
  1726 | D:3      | Killed Terence
  1883 | D:3      | Reached XP level 5. HP: 47/47 MP: 4/4
  2532 | D:4      | Found a staircase to the Ecumenical Temple.
  3329 | D:5      | Entered Level 5 of the Dungeon
  3362 | D:5      | Reached skill level 5 in Armour
  3414 | D:5      | Reached XP level 6. HP: 53/53 MP: 5/5
  3428 | D:5      | Reached skill level 5 in Axes
  3607 | D:5      | Reached skill level 1 in Throwing
  3868 | D:5      | Reached skill level 5 in Fighting
  3977 | D:6      | Reached XP level 7. HP: 61/61 MP: 6/6
  4200 | D:6      | Found a blossoming altar of Fedhas.
  4693 | D:7      | Noticed a wraith
  4702 | D:7      | Killed a wraith
  4703 | D:7      | Reached XP level 8. HP: 25/70 MP: 7/7
  4866 | D:7      | Noticed Pikel
  4887 | D:7      | Reached skill level 1 in Stealth
  4917 | D:7      | HP: 3/70 [Pikel/puff of flame (9)]
  5172 | D:7      | Reached skill level 5 in Shields
  5962 | D:7      | Noticed a skeletal warrior
  5966 | D:7      | Reached XP level 9. HP: 77/78 MP: 8/8
  5972 | D:7      | HP: 3/78 [skeletal warrior/+0 battleaxe (20)]
  5973 | D:7      | Slain by a wraith

Illustrated notes

Levels and vault maps discovered:
D:1:      heliophobic_arrival_ceremonial_halls, layout_rooms,
          nicolae_shop_vocational
D:2:      layout_loops_corners, serial_forest, infiniplex_forest_lined_1,
          infiniplex_forest_straight_5, infiniplex_forest_clump_medium,
          infiniplex_forest_3_way, infiniplex_forest_join,
          infiniplex_forest_end_2, infiniplex_forest_lined_2,
          infiniplex_forest_clump_tiny, shapermc_ecumenical_altar_flowoftime,
          basic_altar, amethyst_killhole
D:3:      layout_loops_ring, minmay_misc_feat_four_crosses, uniq_terence
D:4:      layout_basic, minmay_temple_entry_waves
D:5:      layout_cave_pools, corexii_shack, grunt_decor_resistance,
          kennysheep_small_square
D:6:      layout_loops_ring, fedhas_altar_1
D:7:      layout_basic, st_stairs_11, minmay_hedge_maze,
          minmay_guarded_unrand_finisher, uniq_pikel

Skill      XL: |  1  2  3  4  5  6  7  8 |
---------------+-------------------------+-----
Fighting       | 4 5 6 |  6.7
Axes           | 3 4 5 7 8 |  8.9
Armour         | 4 5 6 8 |  8.3
Shields        | 4 5 |  5.1
Dodging        | 1 2 3 |  3.0
Throwing       | 1 |  1.5
Stealth        | 1 |  1.2
Evocations     | |  0.4

Action                     |  1- 3 |  4- 6 |  7- 9 || total
---------------------------+-------+-------+-------++-------
  Melee: War axe           |    63 |   112 |   139 ||   314
         Headbutt          |     9 |    14 |    24 ||    47
  Throw: Dart              |     8 |    14 |       ||    22
  Evoke: Wand              |       |       |     3 ||     3
    Use: Scroll            |       |     3 |     2 ||     5
         Potion            |       |       |    11 ||    11
 Armour: Scale mail        |    30 |    40 |    50 ||   120
  Dodge: Dodged            |    27 |    77 |    82 ||   186
  Block: Buckler           |    26 |    18 |    37 ||    81
